 Dungeon Crawl Stone Soup version 0.24-a0-446-g87df720 (webtiles) character file.

Game seed: 10136424973131275221

211 MatthieuS the Magician (level 5, -1/24 HPs)
             Began as a Spriggan Transmuter on June 23, 2019.
             Was a Follower of Hepliaklqana.
             Succumbed to Duvessa's poison
             ... on level 4 of the Dungeon.
             The game lasted 00:12:40 (5270 turns).

MatthieuS the Magician (Spriggan Transmuter)        Turns: 5270, Time: 00:12:41

Health: -1/24      AC:  3    Str:  6    XL:     5   Next: 57%
Magic:  1/11       EV: 18    Int: 16    God:    Hepliaklqana [*.....]
Gold:   313        SH:  0    Dex: 16    Spells: 1/11 levels left

rFire    . . .     SeeInvis +     - Unarmed
rCold    . . .     Gourm    .   (shield restricted)
rNeg     . . .     Faith    .   c - +1 robe (curse)
rPois    .         Spirit   .   (helmet restricted)
rElec    .         Reflect  .   (no cloak)
rCorr    .         Harm     .   (gloves unavailable)
MR       .....                  (boots unavailable)
Stlth    ++........             (no amulet)
HPRegen  0.08/turn              (no ring)
MPRegen  0.12/turn              (no ring)

@: lethally poisoned (-1 -> -36), appendage, very slightly contaminated, very
quick
A: very small, unfitting armour, reduced essence, horns 2, see invisible,
herbivore, speed 3, slow metabolism 2
a: End Transformation, Recall Ancestor, Ancestor Identity, Renounce Religion


You were on level 4 of the Dungeon.
You worshipped Hepliaklqana.
Hepliaklqana was aware of your devotion.
You were hungry.
You had grown temporary horns.
You visited 1 branch of the dungeon, and saw 4 of its levels.

You collected 313 gold pieces.

Inventory:

Missiles
 a - 25 arrows
Armour
 c - a cursed +1 robe (worn)
   (You found it on level 1 of the Dungeon)
Scrolls
 b - 2 scrolls of enchant armour
 d - a scroll of enchant weapon {unknown}
 f - 2 scrolls of teleportation {unknown}
 g - 4 scrolls of identify {unknown}
 h - a scroll of random uselessness {unknown}
 i - 2 scrolls of fear
 l - a scroll of noise {unknown}
 o - 4 scrolls of blinking {unknown}
 p - a scroll of remove curse {unknown}
Potions
 j - a potion of degeneration {unknown}
 k - a potion of agility
 m - a potion of berserk rage {unknown}
 n - a potion of might {unknown}
 q - a potion of invisibility {unknown}
Comestibles
 e - 4 rations


   Skills:
 * Level 2.5 Fighting
 - Level 3.1 Dodging
 + Level 2.6 Stealth
 + Level 3.2 Unarmed Combat
 + Level 3.7 Spellcasting
 + Level 3.6 Transmutations
 + Level 0.0 Ice Magic
 - Level 1.0 Poison Magic


You had one spell level left.
You knew the following spells:

 Your Spells              Type           Power        Failure   Level  Hunger
a - Beastly Appendage     Tmut           ##....       3%          1    None
b - Sticks to Snakes      Tmut           ##......     6%          2    ##.....
c - Ice Form              Ice/Tmut       #.......     63%         4    ####...
x - Spider Form           Tmut/Pois      ##........   21%         3    ###....

Your spell library contained the following spells:

 Spells                   Type           Power        Failure   Level  Hunger
 Blade Hands              Tmut           ##........   71%         5    ######.


Dungeon Overview and Level Annotations

Branches:
Dungeon (4/15)
 Temple: D:4-7

Altars:
Hepliaklqana

Annotations:
D:4 Dowan, Duvessa


Innate Abilities, Weirdness & Mutations

You are very small and have problems with some larger weapons.
You are too small for most types of armour.
You have supernaturally acute eyesight. (SInv)
You are a herbivore.
You cover ground extremely quickly.
You need to consume almost no food.
Your life essence is reduced to manifest your ancestor. (-10% HP)
You have a pair of horns on your head.


Message History

Duvessa hits your ball python with a +3 rapier of venom.
Your ball python dies!
Gerard misses Duvessa.
Your adder bites Duvessa.
Duvessa is poisoned.
Your adder poisons Duvessa!
Your ball python closely misses Duvessa. x2
Dowan mumbles some strange words.
Dowan blinks!
Duvessa hits your ball python with a +3 rapier of venom!
Your ball python dies!
Casting: Sticks to Snakes (safe; 6% risk of failure)
You miscast Spider Form.
You are very lightly contaminated with residual magic.
Nothing appears to happen.
Your adder misses Duvessa.
Gerard hits Duvessa.
Your adder bites Duvessa but does no damage.
Duvessa closely misses Gerard.
Gerard barely misses Duvessa.
Your adder closely misses Duvessa.
Gerard hits Duvessa.
Your adder barely misses Duvessa.
You aren't carrying any items that you can evoke.
Unknown command.
You grow a pair of large bovine horns.
Your adder barely misses Duvessa.
Gerard hits Duvessa.
Duvessa completely misses you.
Gerard misses Duvessa.
Dowan mumbles some strange words.
Dowan blinks!
Your adder bites Duvessa.
You hit Duvessa.
Duvessa hits you with a +3 rapier of venom!
You are poisoned.
Gerard closely misses Duvessa.
Your adder misses Duvessa. You closely miss Duvessa.
You feel sick.
Gerard closely misses Duvessa.
Your adder bites Duvessa but does no damage.
Duvessa hits you with a +3 rapier of venom.
* * * LOW HITPOINT WARNING * * *
You are more poisoned.
You closely miss Duvessa. Your headbutt misses Duvessa.
* * * LOW HITPOINT WARNING * * *
You feel sick.
Your adder bites Duvessa but does no damage.
Gerard hits Duvessa.
Duvessa hits Gerard with a +3 rapier of venom.
You hit Duvessa but do no damage. Your headbutt misses Duvessa.
* * * LOW HITPOINT WARNING * * *
You feel sick.
Duvessa looks more healthy.
Your adder closely misses Duvessa.
Gerard barely misses Duvessa.
Duvessa hits you with a +3 rapier of venom.
* * * LOW HITPOINT WARNING * * *
You are more poisoned.
Your adder bites Duvessa.
Duvessa is poisoned.
Your adder poisons Duvessa!
Dowan hits your adder but does no damage.
Okay, then.
You die...

#.# ########.#
#........#
#.#####..# #e.#
#SR# #
#e.##########
.##.##............
#.......@..########
####.......#
#####.### #.# #.#
##'## ##...##
##.....##
##.<.....##


You could see the friendly Gerard the ancestor, Duvessa, Dowan and a friendly
adder.

Vanquished Creatures
  2 adders (D:2)
  3 gnolls (D:2)
  A worm (D:2)
  3 dart slugs
  A leopard gecko (D:2)
  7 bats
  4 giant cockroaches (D:1)
  14 goblins
  9 hobgoblins
  13 kobolds
  2 quokkas (D:2)
  2 frilled lizards (D:2)
  5 rats
66 creatures vanquished.

Vanquished Creatures (collateral kills)
  2 orc priests (D:3)
  2 adders (D:3)
  An ooze (D:3)
  A leopard gecko (D:2)
  2 orcs (D:3)
  2 goblins (D:3)
  A hobgoblin (D:3)
  A kobold (D:3)
  A quokka (D:2)
  A ball python (D:2)
  A rat (D:2)
15 creatures vanquished.

Vanquished Creatures (others)
  A plant (D:2)
1 creature vanquished.

Grand Total: 82 creatures vanquished

Notes
Turn   | Place    | Note
-------+----------+-------------------------------------------
     0 | D:1      | MatthieuS the Spriggan Transmuter began the quest for the
                  | Orb.
     0 | D:1      | Reached XP level 1. HP: 9/9 MP: 5/5
   328 | D:1      | Reached skill level 1 in Fighting
   328 | D:1      | Reached XP level 2. HP: 9/14 MP: 4/6
   837 | D:1      | Learned a level 2 spell: Sticks to Snakes
  1657 | D:1      | Reached XP level 3. HP: 16/18 MP: 6/8
  1780 | D:1      | Reached skill level 1 in Stealth
  2007 | D:2      | Learned a level 3 spell: Spider Form
  3506 | D:2      | Reached XP level 4. HP: 18/23 MP: 5/9
  3934 | D:2      | Reached skill level 1 in Poison Magic
  4007 | D:2      | Found a faded altar of an unknown god.
  4299 | D:2      | Became a worshipper of Hepliaklqana the Forgotten
  4299 | D:2      | Reached * piety under Hepliaklqana
  4528 | D:3      | Reached XP level 5. HP: 17/23 MP: 11/11
  5091 | D:3      | Learned a level 4 spell: Ice Form
  5246 | D:4      | Noticed Duvessa
  5246 | D:4      | Noticed Dowan
  5269 | D:4      | HP: 1/24 [Duvessa/+3 rapier of venom (5)]
  5270 | D:4      | Succumbed to Duvessa's poison

Levels and vault maps discovered:
D:1:      ebering_hopf_link, layout_basic
D:2:      minmay_inner_zag, layout_loops_ring, chequers_ecumenical_altar_lobes
D:3:      layout_basic, serial_corexii_hall, chequers_hall_statues_corner_a,
          chequers_hall_statues_wall_a
D:4:      layout_loops_corners, first_ration, uniq_duvessa, uniq_menkaure

Skill      XL: |  1  2  3  4 |
---------------+-------------+-----
Fighting       | 1 2 |  2.5
Transmutations | 3 |  3.6
Spellcasting   | 3 |  3.7
Stealth        | 1 2 |  2.6
Unarmed Combat | 3 |  3.2
Poison Magic   | 1 |  1.0
Dodging        | |  3.1

Action                   |  1- 3 |  4- 6 || total
-------------------------+-------+-------++-------
Melee: Unarmed           |   212 |    95 ||   307
       Kick              |    16 |     6 ||    22
       Headbutt          |    12 |     4 ||    16
       Punch             |       |     1 ||     1
 Cast: Beastly Appendage |    32 |    16 ||    48
       Sticks to Snakes  |    14 |     9 ||    23
       Spider Form       |     2 |     3 ||     5
Invok: Recall Ancestor   |       |     3 ||     3
       Ancestor Identity |       |     1 ||     1
 Abil: End Transformatio |     1 |     4 ||     5
  Use: Scroll            |     2 |       ||     2
 Stab: Sleeping          |     2 |     1 ||     3
       Distracted        |     1 |       ||     1
  Eat: Ration            |     1 |     1 ||     2
Armor: Robe              |    24 |     8 ||    32
       Skin              |     1 |       ||     1
Dodge: Dodged            |   186 |    77 ||   263

Table legend:
 A = Non-vault XP
 B = Vault XP
 C = Vault XP percentage of total XP
 D = Non-vault monster count
 E = Vault monster count
 F = Vault count percentage of total count
                 A         B        C        D         E       F
            +---------+---------+-------+---------+---------+-------
      Total |     293 |       9 |   3.0 |      75 |       6 |   7.4
            +---------+---------+-------+---------+---------+-------
        D:1 |      45 |       0 |   0.0 |      24 |       0 |   0.0
        D:2 |     104 |       9 |   8.0 |      26 |       6 |  18.8
        D:3 |     144 |       0 |   0.0 |      25 |       0 |   0.0
            +---------+---------+-------+---------+---------+-------
